 Dungeon Crawl Stone Soup version 0.30-a0-1018-g25214051b3 (webtiles) character file.

Game seed: 9831258372770954191

240 Zeldest the Caller (level 6, -4/43 HPs)
             Began as a Barachi Summoner on Apr 7, 2023.
             Slain by a phantom (5 damage)
             ... on level 5 of the Dungeon on Apr 8, 2023.
             The game lasted 00:09:23 (905 turns).

Zeldest the Caller (Barachi Summoner)                Turns: 905, Time: 00:09:23

Health: -4/43      AC:  2    Str: 12    XL:     6   Next: 8%
Magic:  5/12       EV: 17    Int: 18    God:
Gold:   17         SH:  0    Dex: 12    Spells: 5/13 levels left

rFire   . . .      SeeInvis .    j - staff of air "Joal Cew" {rElec rC+ Str+3}
rCold   + . .      Faith    .    (no shield)
rNeg    . . .      Spirit   .    a - +0 robe
rPois   .          Reflect  .    (no helmet)
rElec   +          Rampage  .    (no cloak)
rCorr   .                        (no gloves)
Will    .....                    (no boots)
Stlth   ++                       i - amulet of magic regeneration
HPRegen 0.27/turn                o - +5 ring of evasion
MPRegen 0.53/turn                (no ring)

@: unable to hop, very slightly contaminated, slow
A: amphibious, slowness 1, strong legs 1, +LOS
a: Hop


You were on level 5 of the Dungeon.
You visited 1 branch of the dungeon, and saw 5 of its levels.

You collected 75 gold pieces.
You spent 58 gold pieces at shops.

Inventory:

Hand Weapons
 g - a +1 dagger
Armour
 a - a +0 robe (worn)
 h - a +0 pair of gloves
Magical Staves
 j - the staff of air "Joal Cew" (weapon) {rElec rC+ Str+3}
   (You acquired it on level 5 of the Dungeon)

   [staff of air]

   Base accuracy: +5 Base damage: 5 Base attack delay: 1.2 This weapon's minimum
   attack delay (0.6) is reached at skill level 12.
   Str:       It affects your strength (+3).
   rC:        It protects you from cold.
   rElec:     It insulates you from electricity.
   It falls into the 'Staves' category.
   It is a one-handed weapon.
Jewellery
 i - an amulet of magic regeneration (around neck)
 o - a +5 ring of evasion (left hand)
 p - a ring of fire
Wands
 q - a wand of roots (6)
Scrolls
 e - 3 scrolls of noise
 m - a scroll of fog
Potions
 b - a potion of magic
 c - a potion of mutation
 f - a potion of cancellation
 k - a potion of degeneration {unknown}
 n - a potion of resistance {unknown}


   Skills:
 - Level 1.2 Fighting
 - Level 2.1 Dodging
 - Level 1.7 Stealth
 * Level 4.1 Spellcasting
 * Level 6.6 Summonings
 + Level 2.3 Ice Magic


You had 5 spell levels left.
You knew the following spells:

 Your Spells              Type           Power      Damage    Failure   Level
a - Summon Small Mammal   Summ           100%       N/A       1%          1
b - Call Canine Familiar  Summ           27%        N/A       2%          3
c - Summon Ice Beast      Ice/Summ       20%        N/A       22%         4

Your spell library contained the following spells:

 Spells                   Type           Power      Damage    Failure   Level
 Call Imp                 Summ           54%        N/A       1%          2
 Summon Guardian Golem    Hex/Summ       15%        N/A       11%         3
 Frozen Ramparts          Ice            24%        1d4       16%         3
 Sublimation of Blood     Necr           3%         N/A       22%         2
 Summon Lightning Spire   Summ/Air       23%        N/A       36%         4
 Ice Form                 Ice/Tmut       8%         N/A       65%         4
 Petrify                  Tmut/Erth      3%         N/A       82%         4
 Irradiate                Conj/Tmut      1%         3d12      99%         5


Dungeon Overview and Level Annotations

Branches:
Dungeon (5/15) Zot: 26942
 Temple: D:4-7

Altars:
Elyvilon
Trog

Shops:
D:4 *

Annotations:
D:2 exclusion: Sigmund


Innate Abilities, Weirdness & Mutations

You are amphibious.
You cover ground slowly.
You can hop short distances.
You have an extended range of vision and can be seen from far away.


Message History

The roots release their grip on the nameless horror.
Your hound barely misses the phantom.
The phantom closely misses you. The nameless horror hits your hound.
Your hound dies!
Your hound's corpse disappears in a puff of smoke!
Your quokka bites the nameless horror.
The nameless horror closely misses your quokka.
The nameless horror closely misses you.
Aiming: Fastroot
Press: ? - help, Shift-Dir - straight line, f - nameless horror, p - phantom
Aim: a nameless horror (durably summoned)
The roots erupt in riotous growth!
Roots grab the nameless horror.
The grasping roots constrict the nameless horror!
You hear an angry hiss.
The phantom hits you.
The phantom blinks!
You blink.
Your quokka bites the nameless horror but does no damage.
The nameless horror closely misses you.
Send 'em back where they came from!
Your quokka disappears in a puff of smoke!
The nameless horror struggles to escape constriction.
You hit the nameless horror but do no damage.
The nameless horror is almost destroyed.
The grasping roots constrict the nameless horror.
The roots release their grip on the nameless horror.
The phantom hits you. The nameless horror hits you.
* * * LOW HITPOINT WARNING * * *
You feel your power leaking away. The nameless horror misses you.
The phantom closely misses you.
You hit the nameless horror.
The nameless horror is almost destroyed.
The nameless horror closely misses you. x2; The phantom hits you.
* * * LOW HITPOINT WARNING * * *
The nameless horror hits you.
* * * LOW HITPOINT WARNING * * *
You feel your power leaking away.
Okay, then.
The nameless horror misses you. The nameless horror barely misses you.
The nameless horror hits you but does no damage.
The phantom attacks as you move away! The phantom hits you.
You die...

#...§PP..#._..#....####
###X..§§...#..............
#.§§§§.§§..b....###........
#..§§§.##..###### #....(...
#..§§§§###.# +........
#...§.§# #.# #........
#..X§§§# #.## #........
#......# #.X## #######.
#......# ##@W##### ######.#
##X.X..# #.# #####.# #.# ..
.# ?.. # .## .. .. #


You could see 3 nameless horrors and a phantom.

Vanquished Creatures
  A dart slug (D:1)
  2 endoplasms
  A quokka (D:1)
  A frilled lizard (D:1)
  A goblin (D:3)
  2 kobolds (D:1)
8 creatures vanquished.

Vanquished Creatures (collateral kills)
  Sigmund (D:2)
  A hound (D:4)
  An adder (D:3)
  2 worms
  A dart slug (D:2)
  2 bats
  An endoplasm (D:3)
  A giant cockroach (D:1)
  3 goblins
  4 hobgoblins
  2 quokkas (D:2)
  3 ball pythons
  A frilled lizard (D:1)
  A kobold (D:2)
  4 rats (D:2)
28 creatures vanquished.

Vanquished Creatures (others)
  5 plants (D:4)
5 creatures vanquished.

Grand Total: 41 creatures vanquished

Notes
Turn   | Place    | Note
-------+----------+-------------------------------------------
     0 | D:1      | Zeldest the Barachi Summoner began the quest for the Orb.
     0 | D:1      | Reached XP level 1. HP: 13/13 MP: 3/3
   112 | D:1      | Reached skill level 5 in Summonings
   115 | D:1      | Reached XP level 2. HP: 16/20 MP: 0/5
   160 | D:1      | Found a faded altar of an unknown god.
   198 | D:1      | Reached skill level 1 in Fighting
   327 | D:2      | Reached XP level 3. HP: 25/26 MP: 6/6
   329 | D:2      | Noticed Sigmund
   344 | D:2      | Learned a level 3 spell: Call Canine Familiar
   427 | D:2      | Killed Sigmund
   428 | D:2      | Reached skill level 6 in Summonings
   428 | D:2      | Reached XP level 4. HP: 32/32 MP: 7/9
   428 | D:2      | Reached XP level 5. HP: 37/37 MP: 7/10
   617 | D:3      | Found a white marble altar of Elyvilon.
   774 | D:3      | Learned a level 4 spell: Summon Ice Beast
   812 | D:4      | Found Ponugok's Assorted Antiques.
   817 | D:4      | Bought a scroll labelled PAOWKAO UWIAH for 29 gold pieces
   817 | D:4      | Bought a scroll labelled OTSENG FIURRI for 29 gold pieces
   830 | D:4      | Reached XP level 6. HP: 43/43 MP: 8/12
   844 | D:4      | Noticed a nameless horror
   853 | D:5      | Entered Level 5 of the Dungeon
   853 | D:5      | Found a bloodstained altar of Trog.
   871 | D:5      | Noticed a nameless horror
   881 | D:5      | Identified a scroll of acquirement
   881 | D:5      | Acquired the staff of air "Joal Cew" {rElec rC+ Str+3}
   896 | D:5      | Noticed a nameless horror
   898 | D:5      | Noticed a nameless horror
   903 | D:5      | HP: 1/43 [nameless horror[miscasting Summon Ice Beast] (3)]
   905 | D:5      | Slain by a phantom

Illustrated notes

Levels and vault maps discovered:
D:1:      kennysheep_arrival_seaside, layout_rooms,
          hellmonk_ecumenical_altar_run_dry
D:2:      layout_basic, serial_glass, glass_columns_a, glass_columns_b,
          grunt_ministairs_4, uniq_crazy_yiuf_cottage, uniq_sigmund
D:3:      layout_basic, kennysheep_ying_yang
D:4:      layout_loops_ring, serial_shops, nicolae_shop_overgrown_old_shop
D:5:      layout_basic, okawaru_gym_becter, mainiacjoe_overflow_chevrons,
          minmay_temple_entry_waves, serial_corexii_hall,
          corexii_hall_statues_x, corexii_hall_statues_x, minmay_starry_boxes

Skill      XL: |  1  2  3  4  5 |
---------------+----------------+-----
Summonings     | 5 6 |  6.6
Fighting       | 1 |  1.2
Spellcasting   | 3 4 |  4.1
Ice Magic      | 2 |  2.3
Dodging        | |  2.1
Stealth        | |  1.7

Action                     |  1- 3 |  4- 6 || total
---------------------------+-------+-------++-------
  Melee: Dagger            |    39 |     1 ||    40
         Staff             |       |     3 ||     3
   Cast: Summon Small Mamm |    26 |    16 ||    42
         Call Canine Famil |     3 |     4 ||     7
         Summon Ice Beast  |       |     1 ||     1
Ability: Hop               |     1 |     1 ||     2
  Evoke: Wand              |       |     2 ||     2
    Use: Scroll            |       |     8 ||     8
         Potion            |       |     1 ||     1
   Stab: Sleeping          |       |     1 ||     1
 Armour: Robe              |    12 |     2 ||    14
  Dodge: Dodged            |    34 |    26 ||    60

Table legend: (Time is in decaauts)
 A = Elapsed time spent in this place.
 B = Non-inter-level travel time spent in this place.
 C = Inter-level travel time spent in this place.
 D = Time resting spent in this place.
 E = Time spent auto-exploring this place.
 F = Levels seen in this place.
 G = Mean time per level.
                   A        B        C        D        E       F      G
               +--------+--------+--------+--------+--------+-----+--------+
         Total |   1047 |    990 |     57 |      0 |      0 |   5 |  209.4 |
       Dungeon |   1047 |    990 |     57 |      0 |      0 |   5 |  209.4 |
               +--------+--------+--------+--------+--------+-----+--------+

Top non-repeatable levels by time:
     D:2: 333 daAuts
     D:3: 288 daAuts
     D:1: 278 daAuts
     D:4: 89 daAuts
     D:5: 57 daAuts
